BSA
PLYMOUTH ROCKS @ ST. LOUIS BROWNS
08/25/2027
 
TOP OF THE 1ST
Plymouth Rocks batting - Pitching for St. Louis Browns : RHP Nelson Ortega
Pitching: RHP Nelson Ortega
Batting: LHB Roberto García 0-0: Ball
1-0: SINGLE (Flyball, 8RS)
Batting: LHB Roy Patrick 0-0: Ball
1-0: Foul Ball, location: 2F
1-1: Fly out, F7 (Flyball, 7)
Batting: RHB Andrés Lara 0-0: Called Strike
0-1: Called Strike
0-2: Ball
1-2: Fielders Choice at 2nd, 5-4 (Groundball, 56)
Batting: LHB Barrett Waters 0-0: Foul Ball, location: 2F
0-1: Ball
1-1: Ball
2-1: Swinging Strike
2-2: Strikes out swinging
Top of the 1st over - 0 run(s), 1 hit(s), 0 error(s), 1 left on base; Plymouth 0 - St. Louis 0
BOTTOM OF THE 1ST
St. Louis Browns batting - Pitching for Plymouth Rocks : RHP José López
Pitching: RHP José López
Batting: SHB Ryobe Yamamoto 0-0: Ball
1-0: Foul Ball, location: 2F
1-1: SINGLE (Line Drive, 7S)
Batting: LHB Mike Hill 0-0: Called Strike
0-1: Ball
1-1: Ball
2-1: Ball
3-1: Base on Balls
Ryobe Yamamoto to second
Batting: LHB Jorge Torres 0-0: Called Strike
0-1: Ball
1-1: Ground out U3 (Groundball, 3S)
Ryobe Yamamoto to third
Mike Hill to second
Batting: LHB Robin Hill 0-0: Ground out 4-3 (Groundball, 4)
Ryobe Yamamoto scores
Mike Hill to third
Batting: LHB Stan Hickman 0-0: Ball
1-0: Foul Ball, location: 2F
1-1: Fly out, F9 (Flyball, 89XD)
Bottom of the 1st over - 1 run(s), 1 hit(s), 0 error(s), 1 left on base; Plymouth 0 - St. Louis 1
TOP OF THE 2ND
Plymouth Rocks batting - Pitching for St. Louis Browns : RHP Nelson Ortega
Batting: LHB Roger Moore 0-0: Ball
1-0: Called Strike
1-1: Ball
2-1: Called Strike
2-2: Fly out, F5 (Popup, 5L)
Batting: RHB Taylor McFarland 0-0: Ball
1-0: Swinging Strike
1-1: Ball
2-1: Foul Ball, location: 2F
2-2: Ball
3-2: Base on Balls
Batting: RHB Luis Sánchez 0-0: Called Strike
0-1: SINGLE (Groundball, 56D)
Taylor McFarland to second
Batting: SHB Víctor Serrano 0-0: Grounds into double play, 4-6-3 (Groundball, 34)
Top of the 2nd over - 0 run(s), 1 hit(s), 0 error(s), 1 left on base; Plymouth 0 - St. Louis 1
BOTTOM OF THE 2ND
St. Louis Browns batting - Pitching for Plymouth Rocks : RHP José López
Batting: RHB Anthony Rucker 0-0: Called Strike
0-1: Ball
1-1: Foul Ball, location: 2F
1-2: Foul Ball, location: 2F
1-2: Ground out 5-3 (Groundball, 56S)
Batting: RHB José Flores 0-0: Ball
1-0: Ball
2-0: Called Strike
2-1: Swinging Strike
2-2: Ground out 5-3 (Groundball, 56)
Batting: LHB Tommy Evans 0-0: Called Strike
0-1: Foul Ball, location: 2F
0-2: Ball
1-2: Foul Ball, location: 2F
1-2: Foul Ball, location: 2F
1-2: Ball
2-2: Strikes out swinging, 2-3 out at first.
Bottom of the 2nd over - 0 run(s), 0 hit(s), 0 error(s), 0 left on base; Plymouth 0 - St. Louis 1
TOP OF THE 3RD
Plymouth Rocks batting - Pitching for St. Louis Browns : RHP Nelson Ortega
Batting: RHB António Gonzáles 0-0: Ball
1-0: Ball
2-0: Foul Ball, location: 2F
2-1: Ball
3-1: Base on Balls
Batting: LHB Roberto García 0-0: Swinging Strike
0-1: Fly out, F7 (Flyball, 7)
Batting: LHB Roy Patrick 0-0: Ball
1-0: Fly out, F7 (Line Drive, 7LD)
Batting: RHB Andrés Lara 0-0: Ball
1-0: Ball
2-0: Fielders Choice at 2nd, 6-4 (Groundball, 6)
Top of the 3rd over - 0 run(s), 0 hit(s), 0 error(s), 0 left on base; Plymouth 0 - St. Louis 1
BOTTOM OF THE 3RD
St. Louis Browns batting - Pitching for Plymouth Rocks : RHP José López
Batting: RHB Adrian Prouse 0-0: Ball
1-0: Foul Ball, location: 2F
1-1: Fly out, F8 (Flyball, 8LS)
Batting: SHB Ryobe Yamamoto 0-0: Swinging Strike
0-1: Ball
1-1: Called Strike
1-2: Ball
2-2: Ball
3-2: Ground out 4-3 (Groundball, 4D)
Batting: LHB Mike Hill 0-0: Fly out, F9 (Flyball, 89S)
Bottom of the 3rd over - 0 run(s), 0 hit(s), 0 error(s), 0 left on base; Plymouth 0 - St. Louis 1
TOP OF THE 4TH
Plymouth Rocks batting - Pitching for St. Louis Browns : RHP Nelson Ortega
Batting: LHB Barrett Waters 0-0: Called Strike
0-1: Ball
1-1: Ball
2-1: Foul Ball, location: 2F
2-2: Foul Ball, location: 2F
2-2: Ball
3-2: Strikes out swinging
Batting: LHB Roger Moore 0-0: Called Strike
0-1: Ball
1-1: Ball
2-1: Swinging Strike
2-2: SINGLE (Groundball, 34D)
Batting: RHB Taylor McFarland 0-0: SINGLE (Line Drive, 6D)
Roger Moore to second
Batting: RHB Luis Sánchez 0-0: Ball
1-0: Fielders Choice at 2nd, 6-4 (Groundball, 6)
Roger Moore to third
Batting: SHB Víctor Serrano 0-0: Ball
1-0: Ball
2-0: Foul Ball, location: 2F
2-1: Swinging Strike
2-2: 3-RUN HOME RUN (Flyball, 8RXD), Distance : 433 ft
Batting: RHB António Gonzáles 0-0: Ground out 4-3 (Groundball, 4)
Top of the 4th over - 3 run(s), 3 hit(s), 0 error(s), 0 left on base; Plymouth 3 - St. Louis 1
BOTTOM OF THE 4TH
St. Louis Browns batting - Pitching for Plymouth Rocks : RHP José López
Batting: LHB Jorge Torres 0-0: Called Strike
0-1: Ball
1-1: Ball
2-1: Called Strike
2-2: Ground out U3 (Groundball, 23)
Batting: LHB Robin Hill 0-0: Ball
1-0: Foul Ball, location: 2F
1-1: Ball
2-1: Swinging Strike
2-2: Foul Ball, location: 2F
2-2: Ball
3-2: Ground out 3-1 (Groundball, 34)
Batting: LHB Stan Hickman 0-0: Ball
1-0: Foul Ball, location: 2F
1-1: Foul Ball, location: 2F
1-2: Ball
2-2: Foul Ball, location: 2F
2-2: Fly out, F8 (Flyball, 8LS)
Bottom of the 4th over - 0 run(s), 0 hit(s), 0 error(s), 0 left on base; Plymouth 3 - St. Louis 1
TOP OF THE 5TH
Plymouth Rocks batting - Pitching for St. Louis Browns : RHP Nelson Ortega
Batting: LHB Roberto García 0-0: Called Strike
0-1: Ball
1-1: Ball
2-1: Ball
3-1: Called Strike
3-2: Foul Ball, location: 2F
3-2: Ground out U3 (Groundball, 34)
Batting: LHB Roy Patrick 0-0: Called Strike
0-1: Ball
1-1: SINGLE (Line Drive, 8LS)
Batting: RHB Andrés Lara 0-0: Called Strike
0-1: Ball
1-1: Foul Ball, location: 2F
1-2: Fielders Choice at 2nd, 1-6 (Groundball, P)
Batting: LHB Barrett Waters 0-0: Ball
Andrés Lara steals 2nd base
1-0: Ball
2-0: Called Strike
2-1: Fly out, F4 (Flyball, 4MD)
Top of the 5th over - 0 run(s), 1 hit(s), 0 error(s), 1 left on base; Plymouth 3 - St. Louis 1
BOTTOM OF THE 5TH
St. Louis Browns batting - Pitching for Plymouth Rocks : RHP José López
Batting: RHB Anthony Rucker 0-0: Bunt for hit - play at first, batter OUT! 1-3
Batting: RHB José Flores 0-0: Ball
1-0: SINGLE (Line Drive, 6MD)
Batting: LHB Tommy Evans 0-0: Called Strike
0-1: Ball
1-1: SINGLE (Groundball, 34D)
José Flores to second
Runner from 2nd tries for 3rd, SAFE, no throw
Batting: RHB Adrian Prouse 0-0: Called Strike
0-1: Called Strike
0-2: Ball
1-2: Ball
2-2: Ball
3-2: Fly out, F7 (Flyball, 7)
Runner from 3rd tags up, SCORES, no throw
Batting: SHB Ryobe Yamamoto 0-0: Swinging Strike
0-1: Ball
1-1: Foul Ball, location: 2F
1-2: Ball
2-2: Ball
3-2: Base on Balls
Tommy Evans to second
Batting: LHB Mike Hill 0-0: Foul Ball, location: 2F
0-1: Ball
1-1: Ball
2-1: Ball
3-1: Base on Balls
Tommy Evans to third
Ryobe Yamamoto to second
Batting: LHB Jorge Torres 0-0: Ground out 5-3 (Groundball, 25)
Bottom of the 5th over - 1 run(s), 2 hit(s), 0 error(s), 3 left on base; Plymouth 3 - St. Louis 2
TOP OF THE 6TH
Plymouth Rocks batting - Pitching for St. Louis Browns : RHP Nelson Ortega
Batting: LHB Roger Moore 0-0: Called Strike
0-1: Swinging Strike
0-2: Ball
1-2: Foul Ball, location: 2F
1-2: Ball
2-2: Foul Ball, location: 2F
2-2: Strikes out swinging
Batting: RHB Taylor McFarland 0-0: Ball
1-0: Ball
2-0: Fly out, F9 (Flyball, 9S)
Batting: RHB Luis Sánchez 0-0: Foul Ball, location: 2F
0-1: Ball
1-1: Foul Ball, location: 2F
1-2: SINGLE (Groundball, 56D)
Batting: SHB Víctor Serrano 0-0: Called Strike
0-1: Called Strike
0-2: Ball
1-2: Ball
2-2: Ball
3-2: DOUBLE (Groundball, 3L)
Luis Sánchez to third
Luis Sánchez scores
Pitching: LHP Santiago Valentín
Batting: RHB António Gonzáles 0-0: Foul Ball, location: 2F
0-1: Ball
1-1: SINGLE (Flyball, 78S)
Víctor Serrano to third
Runner from 3rd tries for Home, SAFE, no throw
Batting: LHB Roberto García 0-0: Ball
1-0: Ball
2-0: Foul Ball, location: 2F
2-1: Foul Ball, location: 2F
2-2: Strikes out swinging
Top of the 6th over - 2 run(s), 3 hit(s), 0 error(s), 1 left on base; Plymouth 5 - St. Louis 2
BOTTOM OF THE 6TH
St. Louis Browns batting - Pitching for Plymouth Rocks : RHP José López
Batting: LHB Robin Hill 0-0: Called Strike
0-1: SINGLE (Groundball, 4MD)
Batting: LHB Stan Hickman 0-0: DOUBLE (Line Drive, 7D)
Robin Hill to third
Runner from 3rd tries for Home, SAFE, no throw
Batting: RHB Anthony Rucker 0-0: Foul Ball, location: 2F
0-1: Ball
1-1: Ground out 5-3 (Groundball, 56)
Batting: RHB José Flores 0-0: Ground out 5-3 (Groundball, 56)
Batting: LHB Tommy Evans 0-0: Ball
1-0: Ground out U3 (Groundball, 34)
Bottom of the 6th over - 1 run(s), 2 hit(s), 0 error(s), 1 left on base; Plymouth 5 - St. Louis 3
TOP OF THE 7TH
Plymouth Rocks batting - Pitching for St. Louis Browns : LHP Santiago Valentín
Batting: LHB Roy Patrick 0-0: Ball
1-0: Ball
2-0: Foul Ball, location: 2F
2-1: Called Strike
2-2: SINGLE (Line Drive, 6MD)
Batting: RHB Andrés Lara 0-0: Ball
1-0: Fly out, F8 (Flyball, 89D)
Batting: LHB Barrett Waters 0-0: SINGLE (Groundball, 6D)
Roy Patrick to second
Pinch Hitting: RHB Wilbert Rodgers 0-0: Called Strike
0-1: Called Strike
0-2: Ground out 5-3 (Groundball, 56S)
Roy Patrick to third
Barrett Waters to second
Pinch Hitting: RHB Jorge Jiménez 0-0: Swinging Strike
0-1: Swinging Strike
0-2: Ball
1-2: Ball
2-2: Strikes out swinging
Top of the 7th over - 0 run(s), 2 hit(s), 0 error(s), 2 left on base; Plymouth 5 - St. Louis 3
BOTTOM OF THE 7TH
St. Louis Browns batting - Pitching for Plymouth Rocks : RHP José López
Pitching: LHP Manuel Parra
Now at SS: Jorge Jiménez
Now in LF: Wilbert Rodgers
Batting: RHB Adrian Prouse 0-0: Called Strike
0-1: Foul Ball, location: 2F
0-2: Ball
1-2: Foul Ball, location: 2F
1-2: Ball
2-2: Strikes out looking
Batting: SHB Ryobe Yamamoto 0-0: Called Strike
0-1: Called Strike
0-2: Ball
1-2: Ball
2-2: Foul Ball, location: 2F
2-2: Strikes out swinging
Batting: LHB Mike Hill 0-0: Foul Ball, location: 2F
0-1: Foul Ball, location: 2F
0-2: Fly out, F9 (Flyball, 9D)
Bottom of the 7th over - 0 run(s), 0 hit(s), 0 error(s), 0 left on base; Plymouth 5 - St. Louis 3
TOP OF THE 8TH
Plymouth Rocks batting - Pitching for St. Louis Browns : LHP Santiago Valentín
Batting: RHB Luis Sánchez 0-0: SINGLE (Line Drive, 7LS)
Batting: SHB Víctor Serrano 0-0: Ball
1-0: Ball
2-0: Ball
3-0: Called Strike
3-1: Ground out 3-1 (Groundball, 34)
Luis Sánchez to second
Batting: RHB António Gonzáles 0-0: Ground out 5-3 (Groundball, 56)
Batting: LHB Roberto García 0-0: Called Strike
0-1: Foul Ball, location: 2F
0-2: Ball
1-2: Strikes out looking
Top of the 8th over - 0 run(s), 1 hit(s), 0 error(s), 1 left on base; Plymouth 5 - St. Louis 3
BOTTOM OF THE 8TH
St. Louis Browns batting - Pitching for Plymouth Rocks : LHP Manuel Parra
Batting: LHB Jorge Torres 0-0: Ball
1-0: Swinging Strike
1-1: SINGLE (Line Drive, 9S)
Batting: LHB Robin Hill 0-0: Called Strike
0-1: Swinging Strike
0-2: Ball
1-2: Strikes out swinging
Batting: LHB Stan Hickman 0-0: Called Strike
0-1: Called Strike
0-2: Strikes out swinging
Pitching: RHP Scot MacIntosh
Batting: RHB Anthony Rucker 0-0: Called Strike
0-1: Ball
1-1: Ball
2-1: Hit by Pitch
Jorge Torres to second
Pinch Hitting: LHB Junior Coates 0-0: Ball
1-0: Called Strike
1-1: Called Strike
1-2: Ball
Wild Pitch!
Jorge Torres to third
Anthony Rucker to second
2-2: Reached on error, E6 (Groundball, 6S)
Jorge Torres scores
Anthony Rucker to third
Batting: LHB Tommy Evans 0-0: Ball
1-0: Ball
2-0: Ball
3-0: Called Strike
3-1: Base on Balls
Junior Coates to second
Batting: RHB Adrian Prouse 0-0: Ball
1-0: Swinging Strike
1-1: Ball
2-1: Foul Ball, location: 2F
2-2: Strikes out swinging
Bottom of the 8th over - 1 run(s), 1 hit(s), 1 error(s), 3 left on base; Plymouth 5 - St. Louis 4
TOP OF THE 9TH
Plymouth Rocks batting - Pitching for St. Louis Browns : LHP Santiago Valentín
Pitching: LHP Brent Miller
Now at 3B: Junior Coates
Batting: LHB Roy Patrick 0-0: Ball
1-0: Ball
2-0: Foul Ball, location: 2F
2-1: Ground out 4-3 (Groundball, 34)
Batting: RHB Andrés Lara 0-0: Ground out 4-3 (Groundball, 34)
Batting: LHB Barrett Waters 0-0: Ball
1-0: Foul Ball, location: 2F
1-1: Called Strike
1-2: Strikes out swinging
Top of the 9th over - 0 run(s), 0 hit(s), 0 error(s), 0 left on base; Plymouth 5 - St. Louis 4
BOTTOM OF THE 9TH
St. Louis Browns batting - Pitching for Plymouth Rocks : RHP Scot MacIntosh
Pitching: RHP Bartolo García
Batting: SHB Ryobe Yamamoto 0-0: Ball
1-0: Ground out 6-3 (Groundball, 6)
Batting: LHB Mike Hill 0-0: Foul Ball, location: 2F
0-1: Ball
1-1: Ball
2-1: SINGLE (Line Drive, 6MD)
Pinch Hitting: LHB Joe Sanders 0-0: Called Strike
0-1: Swinging Strike
0-2: Ball
1-2: Ball
2-2: Ball
3-2: Fly out, F8 (Flyball, 8RD)
Batting: LHB Robin Hill 0-0: SINGLE (Groundball, 4D)
Mike Hill to second
Runner from 2nd tries for 3rd, SAFE, no throw
Batting: LHB Stan Hickman 0-0: Called Strike
0-1: Swinging Strike
0-2: Ball
1-2: Ball
2-2: Foul Ball, location: 2F
2-2: Ball
3-2: Fly out, F5 (Popup, 5)
Bottom of the 9th over - 0 run(s), 2 hit(s), 0 error(s), 2 left on base; Plymouth 5 - St. Louis 4
Thursday, March 30th, 2017 - OOTP Baseball 17.12 Build 75